 Dungeon Crawl Stone Soup version 0.25-a0-178-gc9f82b1288 (webtiles) character file.

Game seed: 16268356639731621118, levelgen mode: deterministic

261 Leeroy the Conjurer (level 5, -5/67 HPs)
             Began as a Draconian Conjurer on Nov 26, 2019.
             Was an Initiate of Okawaru.
             Slain by a gnoll
             ... wielding a +0 spear
              (7 damage)
             ... on level 3 of the Dungeon.
             The game lasted 00:16:29 (3357 turns).

Leeroy the Conjurer (Draconian Conjurer)            Turns: 3357, Time: 00:16:30

Health: -5/67      AC:  6    Str: 15    XL:     5   Next: 96%
Magic:  8/8        EV: 12    Int: 16    God:    Okawaru [......]
Gold:   170        SH:  0    Dex: 12    Spells: 1/8 levels left

rFire    . . .     SeeInvis .   r - +0 long sword
rCold    . . .     Gourm    .   (no shield)
rNeg     . . .     Faith    .   (armour unavailable)
rPois    .         Spirit   .   (helmet restricted)
rElec    .         Reflect  .   (no cloak)
rCorr    .         Harm     .   (no gloves)
MR       .....                  q - +0 pair of boots
Stlth    ..........             (no amulet)
HPRegen  0.21/turn              (no ring)
MPRegen  0.11/turn              (no ring)

@: berserking, very quick
A: unfitting armour, cold-blooded, AC +5
a: Renounce Religion


You were on level 3 of the Dungeon.
You worshipped Okawaru.
Okawaru was noncommittal.
You were hungry.

You visited 1 branch of the dungeon, and saw 5 of its levels.

You collected 170 gold pieces.

Inventory:

Hand Weapons
 d - a +0 whip
 h - a +0 short sword
 m - a +0 hand axe of chopping
 o - a +0 hunting sling
 r - a +0 long sword (weapon)
Missiles
 p - 66 stones (quivered)
 u - 6 boomerangs of dispersal
Armour
 i - a +0 buckler
 q - a +0 pair of boots (worn)
Scrolls
 a - 4 scrolls of remove curse {unknown}
 e - a scroll of immolation {unknown}
 g - a scroll of fog {unknown}
 j - a scroll of blinking {unknown}
 l - 2 scrolls of fear {unknown}
 t - a scroll of enchant weapon {unknown}
 w - a scroll of identify {unknown}
 y - a scroll of teleportation {unknown}
Potions
 f - a potion of brilliance {unknown}
 k - a potion of curing {unknown}
 n - a potion of mutation {unknown}
 v - a potion of lignification {unknown}
Comestibles
 b - 6 rations


   Skills:
 - Level 3.3 Fighting
 + Level 2.0 Long Blades
 - Level 1.7 Dodging
 - Level 1.7 Stealth
 - Level 2.0 Spellcasting
 - Level 6.0 Conjurations


You had one spell level left.
You knew the following spells:

 Your Spells              Type           Power        Failure   Level  Hunger
a - Magic Dart            Conj           ###.         1%          1    #......
b - Searing Ray           Conj           ###...       2%          2    ###....
c - Iskenderun's Mystic   Conj           ###.....     17%         4    #####..

Your spell library contained the following spells:

 Spells                   Type           Power        Failure   Level  Hunger
 Dazzling Spray           Conj/Hex       ##....       19%         3    ###....
 Force Lance              Conj/Tloc      ##......     52%         4    #####..
 Fulminant Prism          Conj/Hex       ##........   52%         4    #####..


Dungeon Overview and Level Annotations

Branches:
Dungeon (5/15)
 Temple: D:4-7

Altars:
Elyvilon
Fedhas
Okawaru
Sif Muna

Annotations:
D:3 1 runed translucent door, Crazy Yiuf


Innate Abilities, Weirdness & Mutations

Your plain brown scales are hard. (AC +5)
You cannot fit into any form of body armour.
You are cold-blooded and may be slowed by cold attacks.


Message History

The sky beast shocks you.
* * * LOW HITPOINT WARNING * * *
You climb upwards.
Level annotation: 1 runed translucent door, Crazy Yiuf
There is a stone staircase leading down here.
It was a potion of magic.
Magic courses through your body.
The sky beast flickers out of sight!
Deactivating autopickup; reactivate with Ctrl-A.
Something hits you but does no damage.
It was a potion of berserk rage.
A red film seems to cover your vision as you go berserk!
You feel yourself moving faster!
You feel mighty! The gnoll closely misses you.
Something hits you but does no damage.
You closely miss something.
The gnoll hits you from afar with a +0 spear.
* * * LOW HITPOINT WARNING * * *
Something hits you but does no damage.
You closely miss something.
The gnoll hits you from afar with a +0 spear!
You die...

#...# #...##...
##.########...#####
#.###........'....
#.#.######...#####
#.#........†.#
#######.#####...##
#.......###.....#
#.#####.#.###...######
#..g{@#...............
#.#####.#.########....
#.# ##### #.... #g#
#.... #.# #.... #.#
#.... #.# #.... #.#
..##.... #.# #........


You could see a gnoll.

Vanquished Creatures
  A bullfrog (D:2)
  A hound (D:3)
  An iguana (D:3)
  Terence (D:3)
  A gnoll (D:3)
  3 adders
  An ooze (D:2)
  A worm (D:3)
  2 dart slugs (D:2)
  3 leopard geckos
  2 giant cockroaches (D:2)
  6 goblins
  5 hobgoblins
  9 jackals
  A ball python (D:3)
  11 bats
  10 frilled lizards
  A jackal skeleton (D:5)
  8 kobolds
  10 rats
78 creatures vanquished.

Notes
Turn   | Place    | Note
-------+----------+-------------------------------------------
     0 | D:1      | Leeroy the Draconian Conjurer began the quest for the Orb.
     0 | D:1      | Reached XP level 1. HP: 14/14 MP: 3/3
    64 | D:1      | Reached skill level 1 in Fighting
   336 | D:1      | Reached XP level 2. HP: 18/24 MP: 3/5
   345 | D:1      | Learned a level 2 spell: Searing Ray
   763 | D:1      | Reached XP level 3. HP: 26/31 MP: 2/6
  1096 | D:2      | Noticed a bullfrog
  1709 | D:3      | Reached XP level 4. HP: 30/38 MP: 2/7
  1719 | D:3      | Learned a level 4 spell: Iskenderun's Mystic Blast
  1772 | D:3      | Found an iron altar of Okawaru.
  1784 | D:3      | Became a worshipper of Warmaster Okawaru
  1891 | D:3      | Reached skill level 5 in Conjurations
  2142 | D:3      | Reached XP level 5. HP: 40/45 MP: 8/8
  2204 | D:3      | Noticed Terence
  2409 | D:2      | Reached skill level 1 in Long Blades
  2463 | D:2      | Found a blossoming altar of Fedhas.
  2564 | D:3      | Found a shimmering blue altar of Sif Muna.
  2619 | D:3      | Reached skill level 6 in Conjurations
  2728 | D:3      | Found a runed translucent door.
  2729 | D:3      | Noticed Crazy Yiuf
  2753 | D:3      | Found a white marble altar of Elyvilon.
  2810 | D:3      | Killed Terence
  3219 | D:5      | Entered Level 5 of the Dungeon
  3219 | D:5      | Noticed a sky beast
  3352 | D:4      | HP: 1/45 [sky beast (6)]
  3357 | D:3      | Slain by a gnoll

Levels and vault maps discovered:
D:1:      ebering_trefoil_twist, layout_rooms
D:2:      layout_loops_ring, lemuel_round_altar
D:3:      layout_basic, okawaru_metal_pillars_3, nicolae_overflow_crystal_walls,
          lemuel_crystal_altar, hangedman_decor_peaks_small,
          grunt_decor_fettered, uniq_crazy_yiuf_cottage, uniq_terence
D:4:      layout_basic, lemuel_round_altar, serial_shops, shop
D:5:      mumra_celtic_spiral_tile, layout_loops_cross, lemuel_crystal_altar,
          first_ration, basic_altar

Skill      XL: |  1  2  3  4  5 |
---------------+----------------+-----
Fighting       | 1 3 |  3.3
Conjurations   | 5 6 |  6.0
Long Blades    | 2 |  2.0
Dodging        | |  1.7
Stealth        | |  1.7
Spellcasting   | |  2.0

Action                   |  1- 3 |  4- 6 || total
-------------------------+-------+-------++-------
Melee: Whip              |    33 |       ||    33
       Unarmed           |    15 |       ||    15
       Tailslap          |    12 |     5 ||    17
       Short sword       |   104 |     4 ||   108
       Long sword        |       |    88 ||    88
 Cast: Magic Dart        |     4 |       ||     4
       Searing Ray       |     3 |     6 ||     9
       Iskenderun's Myst |       |     1 ||     1
  Use: Potion            |       |     2 ||     2
 Stab: Sleeping          |     1 |     5 ||     6
  Eat: Chunk             |     2 |     6 ||     8
Armor: Skin              |    58 |    41 ||    99
Dodge: Dodged            |   147 |    71 ||   218
       Rpst.: Long sword |       |    18 ||    18

Table legend:
 A = Non-vault XP
 B = Vault XP
 C = Vault XP percentage of total XP
 D = Non-vault monster count
 E = Vault monster count
 F = Vault count percentage of total count
                 A         B        C        D         E       F
            +---------+---------+-------+---------+---------+-------
      Total |     337 |      36 |   9.7 |      77 |       1 |   1.3
            +---------+---------+-------+---------+---------+-------
        D:1 |      49 |       0 |   0.0 |      28 |       0 |   0.0
        D:2 |     141 |       0 |   0.0 |      28 |       0 |   0.0
        D:3 |     146 |      36 |  19.8 |      20 |       1 |   4.8
        D:5 |       1 |       0 |   0.0 |       1 |       0 |   0.0
            +---------+---------+-------+---------+---------+-------
